 Dungeon Crawl Stone Soup version 0.19.0-17-g07987d3 (webtiles) character file.

4753 JeffiDaFish the Shield-Bearer (level 10, 0/60 HPs)
             Began as a Gargoyle Fighter on Nov 10, 2016.
             Was a Priest of Makhleb.
             Slain by Exaltedone87's ghost (3 damage)
             ... on level 9 of the Dungeon on Nov 11, 2016.
             The game lasted 00:22:10 (6933 turns).

JeffiDaFish the Shield-Bearer (Gargoyle Fighter)    Turns: 6933, Time: 00:22:10

Health: 0/60       AC: 22    Str: 32    XL:     10   Next: 46%
Magic:  30/30      EV:  5    Int:  8    God:    Makhleb [***...]
Gold:   489        SH: 18    Dex: 10    Spells: 1 memorised, 11 levels left

rFire  . . .     SeeInvis .     t - +3 falchion "Grim" {venom, rC- MP+9 Str+4}
rCold  . . .     Gourm    .     z - +0 plate armour
rNeg   + . .     Faith    .     o - +0 large shield
rPois  ∞         Spirit   .     (no helmet)
rElec  +         Reflect  .     r - +0 cloak
rCorr  .         Harm     .     e - +0 pair of gloves
MR     .....                    (no boots)
Stlth  ..........               (no amulet)
                                s - ring of protection from cold
                                m - ring of magical power

@: mighty
A: negative energy resistance 1, electricity resistance, unbreathing,
petrification resistance, rot immunity, AC +7
a: Minor Destruction, Lesser Servant of Makhleb, Renounce Religion


You were on level 9 of the Dungeon.
You worshipped Makhleb.
Makhleb was most pleased with you.
You were not hungry.

You visited 2 branches of the dungeon, and saw 10 of its levels.

You collected 489 gold pieces.

Inventory:

Hand Weapons
 t - the +3 falchion "Grim" (weapon) {venom, rC- MP+9 Str+4}
   (You found it on level 7 of the Dungeon)

   It poisons the flesh of those it strikes.
   It affects your strength (+4).
   It makes you vulnerable to cold.
   It affects your magic capacity (+9).
 x - a +3 mace
Armour
 e - a +0 pair of gloves (worn)
 o - a +0 large shield (worn)
 r - a +0 cloak (worn)
 z - a +0 plate armour (worn)
Jewellery
 m - a ring of magical power (left hand)
 s - a ring of protection from cold (right hand)
Wands
 b - a wand of polymorph (12/24)
 u - a wand of random effects (20/48)
Scrolls
 c - a scroll of remove curse
 g - 4 scrolls of recharging
 j - 2 scrolls of fog
 l - 2 scrolls of magic mapping
 q - 2 scrolls of teleportation
 y - 4 scrolls of identify
 B - 2 scrolls of blinking
Potions
 a - 2 potions of agility
 k - 4 potions of cancellation
 n - a potion of magic
 v - a potion of haste
Books
 A - a book of Frost

   Spells                             Type                      Level
   a - Freeze                         Ice                          1
   b - Throw Frost                    Conjuration/Ice              2
   c - Ozocubu's Armour               Charms/Ice                   3
   d - Throw Icicle                   Conjuration/Ice              4
   e - Summon Ice Beast               Ice/Summoning                4
 C - a book of Cantrips

   Spells                             Type                      Level
   a - Confusing Touch                Hexes                        1
   b - Animate Skeleton               Necromancy                   1
   c - Summon Small Mammal            Summoning                    1
   d - Apportation                    Translocation                1
 D - a book of Maledictions

   Spells                             Type                      Level
   a - Corona                         Hexes                        1
   b - Ensorcelled Hibernation        Hexes/Ice                    2
   c - Confuse                        Hexes                        3
   d - Tukima's Dance                 Hexes                        3
   e - Dazzling Spray                 Conjuration/Hexes            3
Comestibles
 f - 3 bread rations
 h - 5 beef jerkies
 p - 3 meat rations


   Skills:
 * Level 6.1 Fighting
   Level 7.2(7.4) Short Blades
 * Level 2.5(5.2) Long Blades
 - Level 6.2 Maces & Flails
 * Level 6.8 Armour
 - Level 2.4 Dodging
 - Level 0.2 Stealth
 * Level 7.9 Shields
 + Level 1.5 Spellcasting
 + Level 2.0 Necromancy


You had 11 spell levels left.
You knew the following spells:

 Your Spells              Type           Power        Failure   Level  Hunger
a - Animate Skeleton      Necr           N/A          100%        1    ##.....


Dungeon Overview and Level Annotations

Branches:
Dungeon (9/15)             Temple (1/1) D:4            Lair (0/6) D:9
    Orc: D:9-12

Altars:
Dithmenos
Fedhas
Makhleb
Nemelex Xobeh
Ru
Sif Muna
Trog
Vehumet
Yredelemnul

Shops:
D:4 [

Annotations:
D:9 Exaltedone87's ghost, journeyman DsFi


Innate Abilities, Weirdness & Mutations

You are resistant to torment.
Your stone body is resilient. (AC +7)
You are immune to poison.
You resist negative energy. (rN+)
You are resistant to electric shocks. (rElec)
You can survive without breathing.
You are immune to petrification.
You are immune to rotting.


Message History

Exaltedone87's ghost is heavily damaged.
You block Exaltedone87's ghost's attack.
You hit Exaltedone87's ghost but do no damage.
Exaltedone87's ghost is heavily damaged.
Exaltedone87's ghost hits you.
* * * LOW HITPOINT WARNING * * *
You closely miss Exaltedone87's ghost.
Exaltedone87's ghost is heavily damaged.
You block Exaltedone87's ghost's attack.
Your plate armour prevents you from hitting Exaltedone87's ghost.
Exaltedone87's ghost is heavily damaged.
Exaltedone87's ghost shouts, "You must not succeed where I failed!"
Exaltedone87's ghost barely misses you.
You hit Exaltedone87's ghost but do no damage.
Exaltedone87's ghost is heavily damaged.
You block Exaltedone87's ghost's attack.
You closely miss Exaltedone87's ghost.
Exaltedone87's ghost is heavily damaged.
Exaltedone87's ghost hits you.
You die...

.. .#
####'####.##
>...........#
...........#
#.##.###[.##
.###.##.###..#
..)......[(..#
........÷(...#
##.....@((..+
#......W....#
#...##).##..#
##. #..##..# .
........+
..........#
#.......#####
#.>...).#
#.......#


You could see Exaltedone87's ghost.

Vanquished Creatures
  The ghost of quackv42 the Spear-Bearer, a novice NaWr of Cheibriados (D:5)
  Grinder (D:6)
  Prince Ribbit (D:7)
  The ghost of buriedalive the Conjurer, an amateur HEWz (D:4)
  3 yaks (D:8)
  2 hungry ghosts
  2 orc warriors
  2 sky beasts
  3 phantoms
  An ice beast (D:8)
  4 centaurs
  A big kobold (D:8)
  2 bullfrogs
  3 scorpions
  5 killer bees (D:6)
  A centaur zombie (D:6)
  3 crimson imps
  A bullfrog zombie (D:5)
  A quasit (D:7)
  4 jellies
  A centaur skeleton (D:7)
  6 orc priests
  Crazy Yiuf (D:5)
  2 hounds (D:8)
  11 orc wizards
  A gnoll shaman (D:6)
  Ijyb (D:3)
  An iguana (D:8)
  5 worker ants
  A hound skeleton (D:4)
  A howler monkey zombie (D:6)
  5 gnolls (D:6)
  9 adders
  An ooze (D:4)
  2 adder skeletons
  2 worms (D:2)
  5 dart slugs
  4 leopard geckos
  30 orcs
  2 ball pythons
  7 bats
  5 giant cockroaches
  6 goblins
  9 hobgoblins
  11 jackals
  10 kobolds
  3 quokkas
  7 frilled lizards
  A quokka skeleton (D:4)
  A quokka zombie (D:6)
  5 rats
198 creatures vanquished.

Notes
Turn   | Place    | Note
-------+----------+-------------------------------------------
     0 | D:1      | JeffiDaFish the Gargoyle Fighter began the quest for the Orb.
     0 | D:1      | Reached XP level 1. HP: 14/14 MP: 1/1
   190 | D:1      | Upgraded the game from 0.19.0-16-g73b5abf to 0.19.0-17-g07987d3
   208 | D:1      | Reached XP level 2. HP: 16/19 MP: 2/2
   729 | D:1      | Reached XP level 3. HP: 22/23 MP: 3/3
  1209 | D:2      | Reached XP level 4. HP: 29/29 MP: 4/4
  1849 | D:3      | Reached XP level 5. HP: 14/33 MP: 5/5
  2091 | D:3      | Noticed Ijyb
  2130 | D:3      | Killed Ijyb
  2130 | D:3      | Reached skill level 1 in Dodging
  2317 | D:4      | Found Hammo Torraa's Antique Armour Boutique.
  2333 | D:4      | Noticed a phantom
  2335 | D:4      | Found a staircase to the Ecumenical Temple.
  2402 | D:4      | Killed a phantom
  2402 | D:4      | Reached skill level 5 in Shields
  2402 | D:4      | Reached XP level 6. HP: 36/38 MP: 6/6
  2437 | Temple   | Entered the Ecumenical Temple
  2445 | Temple   | Became a worshipper of Makhleb the Destroyer
  2569 | D:4      | Found a basalt altar of Yredelemnul.
  2572 | D:4      | Found a blossoming altar of Fedhas.
  2573 | D:4      | Found a deep blue altar of Sif Muna.
  2576 | D:4      | Found a shadowy altar of Dithmenos.
  2599 | D:4      | Noticed buriedalive's ghost (amateur HEWz)
  2619 | D:4      | Killed buriedalive's ghost
  2619 | D:4      | Reached XP level 7. HP: 37/43 MP: 7/7
  2832 | D:5      | Entered Level 5 of the Dungeon
  2969 | D:5      | Reached skill level 5 in Maces & Flails
  3285 | D:5      | Reached XP level 8. HP: 42/48 MP: 8/8
  3334 | D:5      | Reached * piety under Makhleb
  3390 | D:5      | Found a runed door.
  3514 | D:5      | Noticed Crazy Yiuf
  3522 | D:5      | Killed Crazy Yiuf
  3623 | D:5      | Found a bloodstained altar of Trog.
  3636 | D:5      | Reached skill level 5 in Armour
  3656 | D:5      | Got a smoking dagger
  3658 | D:5      | Identified the +8 dagger "Taehidi" {drain, rElec Str+2 Int+3} (You found it on level 5 of the Dungeon)
  3813 | D:5      | Noticed quackv42's ghost (novice NaWr)
  3854 | D:5      | Killed quackv42's ghost
  4113 | D:6      | Reached skill level 5 in Short Blades
  4137 | D:6      | Noticed Grinder
  4138 | D:6      | Found a radiant altar of Vehumet.
  4153 | D:6      | Found a sparkling altar of Nemelex Xobeh.
  4162 | D:6      | Killed Grinder
  4162 | D:6      | Reached XP level 9. HP: 38/52 MP: 9/9
  4806 | D:7      | Reached ** piety under Makhleb
  4858 | D:7      | Learned a level 1 spell: Animate Skeleton
  5101 | D:7      | Found a sacrificial altar of Ru.
  5137 | D:7      | Noticed Prince Ribbit
  5171 | D:7      | Reached skill level 5 in Fighting
  5180 | D:7      | Killed Prince Ribbit
  5324 | D:7      | Reached skill level 1 in Necromancy
  5340 | D:7      | Got a smoking falchion
  5341 | D:7      | Identified the +3 falchion "Grim" {venom, rC- MP+9 Str+4} (You found it on level 7 of the Dungeon)
  5373 | D:7      | Reached skill level 1 in Spellcasting
  5373 | D:7      | Reached XP level 10. HP: 48/59 MP: 11/11
  5972 | D:8      | Reached skill level 1 in Long Blades
  6637 | D:9      | Found a staircase to the Lair.
  6666 | D:9      | Reached *** piety under Makhleb
  6683 | D:9      | Noticed Exaltedone87's ghost (journeyman DsFi)
  6929 | D:9      | HP: 2/60 [Exaltedone87's ghost (4)]
  6933 | D:9      | Slain by Exaltedone87's ghost

Skill      XL: |  1  2  3  4  5  6  7  8  9 10 |
---------------+-------------------------------+-----
Shields        | 4 5 6 7 |  7.9
Maces & Flails | 3 4 5 6 |  6.2
Armour         | 4 5 6 |  6.8
Dodging        | 1 2 |  2.4
Fighting       | 4 5 6 |  6.1
Short Blades   | 6 7 |  7.2
Necromancy     | 1 2 |  2.0
Spellcasting   | 1 |  1.5
Long Blades    | 2 |  2.5
Stealth        | |  0.2

Action                   |  1- 3 |  4- 6 |  7- 9 | 10-12 || total
-------------------------+-------+-------+-------+-------++-------
Melee: Flail             |   144 |   257 |   133 |       ||   534
       Dagger            |       |       |   273 |       ||   273
       Mace              |       |       |    26 |       ||    26
       Falchion          |       |       |     9 |   303 ||   312
  Use: Scroll            |     4 |     3 |     5 |     1 ||    13
       Potion            |     5 |     5 |     3 |     4 ||    17
  Eat: Chunk             |     2 |     4 |     7 |     8 ||    21
       Meat ration       |       |       |     1 |       ||     1
       Pizza             |       |       |     1 |       ||     1
Armor: Scale mail        |    93 |   114 |   164 |    24 ||   395
       Plate armour      |       |       |       |   180 ||   180
Dodge: Dodged            |    48 |    42 |    94 |    60 ||   244
Block: Shield            |    94 |     1 |       |       ||    95
       Large shield      |       |   188 |   341 |   368 ||   897
       Rpst.: Falchion   |       |       |       |    20 ||    20
